 Dungeon Crawl Stone Soup version 0.18-a0-1745-gffa9a88 (webtiles) character file.

1584 nono the Archer (level 8, -3/61 HPs)
             Began as a Centaur Hunter on Apr 11, 2016.
             Was a Priest of Okawaru.
             Slain by Joseph
             ... wielding a +0 quarterstaff
              (9 damage)
             ... on level 7 of the Dungeon.
             The game lasted 00:24:14 (5859 turns).

nono the Archer (Centaur Hunter)                    Turns: 5859, Time: 00:24:14

Health: -3/61      AC:  9    Str: 17    XL:     8   Next: 61%
Magic:  8/8        EV:  9    Int: 12    God:    Okawaru [***...]
Gold:   345        SH:  0    Dex: 10    Spells: 0 memorised, 7 levels left

rFire  . . .     SeeInvis .     b - +7 Screaming Sword
rCold  . . .     Gourm    .     c - +1 leather armour
rNeg   . . .     Faith    .     (no shield)
rPois  .         Spirit   .     v - +1 hat
rElec  .         Dismiss  .     (no cloak)
rCorr  .         Reflect  .     t - +2 pair of gloves
SustAt .         Harm     .     (no barding)
MR     .....                    m - amulet of rage
Stlth  +.........               (no ring)
                                (no ring)

@: very quick, not resistant to hostile enchantments, very unstealthy
A: hooves 3, clever 1, deformed body, speed 2, tough skin 3
a: Heroism, Renounce Religion, Evoke Berserk Rage


You were on level 7 of the Dungeon.
You worshipped Okawaru.
Okawaru was most pleased with you.
You were not hungry.

You visited 1 branch of the dungeon, and saw 7 of its levels.

You collected 380 gold pieces.
You spent 35 gold pieces at shops.

Inventory:

Hand Weapons
 a - a +1 shortbow
 b - the +7 Screaming Sword (weapon)
   (You found it on level 6 of the Dungeon)
 u - a +1 dagger of draining
 C - a +2 short sword of protection
 G - a +2 dagger of electrocution
Missiles
 d - 81 arrows
 n - 16 arrows of flame
Armour
 c - a +1 leather armour (worn)
 p - a +1 pair of gloves
 t - a +2 pair of gloves (worn)
 v - a +1 hat (worn)
Jewellery
 m - an amulet of rage (around neck)
Wands
 F - a wand of flame (25/48)
Scrolls
 e - a scroll of random uselessness
 k - 2 scrolls of identify
 r - a scroll of amnesia {unknown}
 s - 2 scrolls of remove curse
 y - 4 scrolls of noise {unknown}
 D - a scroll of blinking {unknown}
Potions
 g - 5 potions of lignification
 h - 3 potions of curing
 l - a potion of invisibility
 o - a potion of haste {unknown}
 q - 2 potions of flight
 w - a potion of resistance {unknown}
 z - a potion of berserk rage {unknown}
 A - 2 potions of agility {unknown}
 E - a potion of brilliance {unknown}
Books
 x - Kycied's Compendium of the Compass and the Frostbite
   (You found it on level 5 of the Dungeon)

   Spells                             Type                      Level
   a - Recall                         Summoning/Translocation      3
   b - Teleport Other                 Translocation                3
   c - Freezing Cloud                 Conjuration/Ice/Air          6
   d - Bolt of Cold                   Conjuration/Ice              6
Comestibles
 f - 3 bread rations
 j - a meat ration
 B - a beef jerky


   Skills:
 - Level 2.0 Fighting
 + Level 14.3 Bows
 - Level 1.3 Dodging
 - Level 0.5 Stealth


You had 7 spell levels left.
You didn't know any spells.

Dungeon Overview and Level Annotations

Branches:
Dungeon (7/15)             Temple (0/1) D:5

Altars:
Cheibriados
Elyvilon
Kikubaaqudgha
Makhleb
Okawaru
Qazlal
Ru
Sif Muna
Vehumet
Yredelemnul
Zin

Shops:
D:4 *}

Annotations:
D:4 Torro's ghost, amateur MiFi
D:7 Joseph


Innate Abilities, Weirdness & Mutations

You have hooves in place of feet.
Armour fits poorly on your strangely shaped body.
You cover ground very quickly.
You have extremely tough skin (AC +3).
Your mind is acute. (Int +2)


Message History

Joseph is heavily wounded.
The Screaming Sword shouts, "If it bleeds, we can kill it!"
Joseph is hurt by the noise.
Joseph hits you with an uncursed quarterstaff.
Joseph hits you with an uncursed quarterstaff!
You closely miss Joseph. You kick Joseph, but do no damage.
Joseph is heavily wounded.
The Screaming Sword shouts, "A winner requires a loser!"
Joseph is hurt by the noise.
Joseph hits you with an uncursed quarterstaff.
* * * LOW HITPOINT WARNING * * *
You hit Joseph. You kick Joseph.
Joseph is heavily wounded.
Joseph closely misses you.
You slash Joseph! You kick Joseph, but do no damage.
Joseph is severely wounded.
Joseph hits you with an uncursed quarterstaff!
* * * LOW HITPOINT WARNING * * *
Joseph hits you with an uncursed quarterstaff!
You die...

### ..# # #.#
#.#.# #####
##.#.#####...#
#..@.(.......#
#..#@#####...#
..@ #.# ##.##
. #.# #.# ..#
#.# #### #.#
#.# ##+# ##.#
##...## #..#
##.....##
###.##


You could see Joseph.

Vanquished Creatures
  A deep elf mage (D:6)
  A hungry ghost (D:5)
  Duvessa (D:7)
  An ogre (D:7)
  A giant frog (D:7)
  Dowan (D:7)
  8 scorpions
  A crimson imp (D:6)
  An iguana (D:6)
  3 worker ants
  12 adders
  2 oozes
  An adder zombie (D:5)
  2 worms (D:2)
  5 giant geckos
  7 orcs
  2 ball pythons
  6 giant cockroaches
  10 goblins
  8 hobgoblins
  11 jackals
  14 kobolds
  2 quokkas
  12 bats
  A giant gecko skeleton (D:6)
  A giant gecko zombie (D:5)
  A giant newt (D:6)
  7 rats
123 creatures vanquished.

Vanquished Creatures (others)
  3 fungi (D:6)
3 creatures vanquished.

Grand Total: 126 creatures vanquished

Notes
Turn   | Place    | Note
--------------------------------------------------------------
     0 | D:1      | nono the Centaur Hunter began the quest for the Orb.
     0 | D:1      | Reached XP level 1. HP: 17/17 MP: 1/1
   551 | D:1      | Reached XP level 2. HP: 24/24 MP: 2/2
   559 | D:1      | Reached skill level 6 in Bows
   861 | D:1      | Reached XP level 3. HP: 28/29 MP: 3/3
  1278 | D:2      | Reached skill level 7 in Bows
  1286 | D:2      | Found a faded altar to an unknown god.
  1386 | D:2      | Found an iron altar of Okawaru.
  1392 | D:2      | Became a worshipper of Warmaster Okawaru
  1409 | D:2      | Reached XP level 4. HP: 36/36 MP: 4/4
  1592 | D:2      | Found a stormy altar of Qazlal.
  1653 | D:2      | Found a snail-covered altar of Cheibriados.
  1825 | D:2      | Reached skill level 8 in Bows
  2271 | D:3      | Found an ancient bone altar of Kikubaaqudgha.
  2327 | D:3      | Reached XP level 5. HP: 25/41 MP: 5/5
  2520 | D:3      | Found a sacrificial altar of Ru.
  2739 | D:3      | Found a basalt altar of Yredelemnul.
  2837 | D:4      | Found Tushrefec's Gadget Boutique.
  2905 | D:4      | Noticed Torro's ghost (amateur MiFi)
  2907 | D:4      | Reached skill level 9 in Bows
  3019 | D:5      | Entered Level 5 of the Dungeon
  3202 | D:5      | Noticed a hungry ghost
  3217 | D:5      | Reached * piety under Okawaru
  3311 | D:5      | Killed a hungry ghost
  3311 | D:5      | Reached skill level 10 in Bows
  3311 | D:5      | Reached XP level 6. HP: 41/48 MP: 6/6
  3387 | D:5      | Identified Kycied's Compendium of the Compass and the Frostbite
  3641 | D:5      | Found a glowing silver altar of Zin.
  3723 | D:5      | Found a staircase to the Ecumenical Temple.
  3773 | D:4      | Found a white marble altar of Elyvilon.
  3857 | D:4      | Found Ydirhah's General Store.
  3865 | D:4      | Bought a potion of mutation for 35 gold pieces
  3865 | D:4      | Gained mutation: Your spells are a little easier to cast, but a little less powerful. [potion of mutation]
  3865 | D:4      | Lost mutation: Your spells are a little easier to cast, but a little less powerful. [potion of mutation]
  3865 | D:4      | Gained mutation: Your mind is acute. (Int +2) [potion of mutation]
  4077 | D:6      | Reached ** piety under Okawaru
  4116 | D:6      | Reached XP level 7. HP: 21/55 MP: 7/7
  4396 | D:6      | Reached skill level 11 in Bows
  4702 | D:6      | Found a glowing silver altar of Zin.
  4716 | D:6      | Found a deep blue altar of Sif Muna.
  4716 | D:6      | Found a burning altar of Makhleb.
  4830 | D:6      | Found an ancient bone altar of Kikubaaqudgha.
  4959 | D:6      | Reached skill level 12 in Bows
  4984 | D:6      | Noticed a deep elf mage
  4989 | D:6      | Killed a deep elf mage
  4989 | D:6      | Reached *** piety under Okawaru
  4989 | D:6      | Reached skill level 13 in Bows
  4989 | D:6      | Reached XP level 8. HP: 55/61 MP: 8/8
  5402 | D:7      | Found a radiant altar of Vehumet.
  5470 | D:7      | Noticed Duvessa
  5474 | D:7      | Noticed Dowan
  5481 | D:7      | Killed Duvessa
  5481 | D:7      | Reached skill level 14 in Bows
  5491 | D:7      | Killed Dowan
  5848 | D:7      | Noticed Joseph
  5859 | D:7      | Slain by Joseph

Vault maps used:
D:1:      shiori_arrival_elements
D:2:      kennysheep_six_static_rooms, overflow_temple_1_default,
          cheibriados_altar_1, old_standard_altar, ecumenical_altar_2,
          first_bread, kennysheep_cross_room
D:3:      overflow_temple_1_default, nicolae_overflow_hidden_temple,
          nicolae_ru_sacrificial_ziggurat
D:4:      lemuel_crystal_altar, serial_shops, kennysheep_mini_moat,
          nicolae_shop_trees, shop, shop, shop, kennysheep_small_circle
D:5:      lemuel_round_altar, minmay_temple_entry_enclosed_plants
D:6:      old_forge, gammafunk_temple_overflow_wave, basic_altar,
          kennysheep_flooded_box, guppyfry_early_elven_hall
D:7:      the_bakery, vehumet_altar_wand_db, uniq_prince_ribbit1, uniq_duvessa,
          uniq_joseph

Skill      XL: |  1  2  3  4  5  6  7  8 |
---------------+-------------------------+-----
Bows           | 6 7 8 10 13 14 | 14.3
Fighting       | |  2.0
Dodging        | |  1.3
Stealth        | |  0.5

Action                   |  1- 3 |  4- 6 |  7- 9 || total
-------------------------+-------+-------+-------++-------
Melee: Short sword       |   108 |   306 |    14 ||   428
       Dagger            |       |     8 |       ||     8
       Double sword      |       |       |    83 ||    83
 Fire: Shortbow          |    24 |    16 |     3 ||    43
Invok: Heroism           |       |     1 |     1 ||     2
  Use: Scroll            |       |     9 |     1 ||    10
       Potion            |       |     2 |     1 ||     3
  Eat: Chunk             |     1 |     8 |     5 ||    14
       Fruit             |       |     2 |       ||     2
       Beef jerky        |       |     1 |       ||     1
